 Dungeon Crawl Stone Soup version 0.29.1-15-g9cfb28693d (webtiles) character file.

Game seed: 13044104699877996765

67 DildoBatman the Conjurer (level 4, -1/32 HPs)
             Began as a Formicid Conjurer on Mar 5, 2023.
             Slain by a goblin
             ... wielding a +0 club
              (4 damage)
             ... on level 4 of the Dungeon.
             The game lasted 00:03:11 (1925 turns).

DildoBatman the Conjurer (Formicid Conjurer)        Turns: 1925, Time: 00:03:12

Health: -1/32      AC:  2    Str: 12    XL:     4   Next: 40%
Magic:  8/8        EV: 12    Int: 19    God:
Gold:   152        SH:  0    Dex: 12    Spells: 5/8 levels left

rFire   . . .      SeeInvis +   b - +0 sling
rCold   . . .      Faith    .   (no shield)
rNeg    . . .      Spirit   .   d - +0 robe
rPois   .          Reflect  .   (helmet unavailable)
rElec   .          Harm     .   (no cloak)
rCorr   .          Rampage  .   (no gloves)
Will    .....                   (no boots)
Stlth   ++........              (no amulet)
HPRegen 0.10/turn               (no ring)
MPRegen 0.11/turn               (no ring)

@: no status effects
A: permanent stasis, dig shafts and tunnels, antennae 3, four strong arms
a: Dig, Shaft Self


You were on level 4 of the Dungeon.
You visited 1 branch of the dungeon, and saw 4 of its levels.

You collected 152 gold pieces.

Inventory:

Hand Weapons
 a - a +1 mace of holy wrath
 b - a +0 sling (weapon)
 g - a +0 short sword of venom
Missiles
 j - 4 poisoned darts
Armour
 d - a +0 robe (worn)
Scrolls
 i - a scroll of enchant armour {unknown}
 k - a scroll of teleportation {unknown}
 m - a scroll of fog {unknown}
 n - a scroll of immolation {unknown}
Potions
 c - a potion of magic
 e - 2 potions of might {unknown}
 f - a potion of heal wounds {unknown}
 h - a potion of berserk rage {unknown}
 l - a potion of haste {unknown}


   Skills:
 * Level 1.6 Fighting
 * Level 1.7 Armour
 - Level 2.0 Dodging
 - Level 2.4 Stealth
 * Level 2.8 Spellcasting
 * Level 4.0 Conjurations


You had 5 spell levels left.
You knew the following spells:

 Your Spells              Type           Power      Damage    Failure   Level
a - Searing Ray           Conj           36%        2d5       4%          2
c - Magic Dart            Conj           72%        1d6       3%          1

Your spell library contained the following spells:

 Spells                   Type           Power      Damage    Failure   Level
 Sandblast                Erth           4%         2d4       16%         1
 Dazzling Flash           Conj/Hex       20%        N/A       21%         3
 Stone Arrow              Conj/Erth      20%        3d8       21%         3
 Passwall                 Tmut/Erth      1%         N/A       24%         2
 Gell's Gravitas          Tloc           2%         N/A       43%         3
 Lesser Beckoning         Tloc           2%         N/A       43%         3
 Teleport Other           Tloc           2%         N/A       43%         3
 Fulminant Prism          Conj/Hex       5%         3d7       56%         4
 Iskenderun's Mystic Bla  Conj/Tloc      10%        2d4       56%         4


Dungeon Overview and Level Annotations

Branches:
Dungeon (4/15)
 Temple: D:4-7

Altars:
Nemelex Xobeh

Shops:
D:2 :


Innate Abilities, Weirdness & Mutations

You cannot be hasted, slowed, berserked, paralysed or teleported.
You can dig through walls and to a lower floor.
You have a pair of large antennae on your head. (SInv)
Your four strong arms can wield two-handed weapons with a shield.


Message History

t - Shout!
Orders for allies: a - Attack new target. r - Retreat! s - Stop attacking. g - Guard the area. f - Follow me.
Anything else - Cancel.
You shout for attention!
The goblin barely misses you. What are your orders? t - Shout!
Orders for allies: a - Attack new target. r - Retreat! s - Stop attacking. g - Guard the area. f - Follow me.
Anything else - Cancel.
You shout for attention!
The goblin hits you with a +0 club. What are your orders? t - Shout!
Orders for allies: a - Attack new target. r - Retreat! s - Stop attacking. g - Guard the area. f - Follow me.
Anything else - Cancel.
You shout for attention!
The goblin hits you with a +0 club. What are your orders? t - Shout!
Orders for allies: a - Attack new target. r - Retreat! s - Stop attacking. g - Guard the area. f - Follow me.
Anything else - Cancel.
You shout for attention!
The goblin hits you with a +0 club. What are your orders? t - Shout!
Orders for allies: a - Attack new target. r - Retreat! s - Stop attacking. g - Guard the area. f - Follow me.
Anything else - Cancel.
You shout for attention!
The goblin hits you with a +0 club.
You die...

<.. ... ... # #
#.# ... #.#.#
#...#.#.#
........#####.#
#.@g.....$
..!.....#####.#
....[...#
###.##### #


You could see a goblin.

Vanquished Creatures
  An iguana (D:2)
  A gnoll (D:1)
  2 worms (D:2)
  A dart slug (D:2)
  2 endoplasms (D:1)
  5 goblins
  2 kobolds (D:1)
  A quokka (D:2)
  3 ball pythons
  2 bats (D:1)
  A frilled lizard (D:1)
  3 rats
24 creatures vanquished.

Notes
Turn   | Place    | Note
-------+----------+-------------------------------------------
     0 | D:1      | DildoBatman the Formicid Conjurer began the quest for the
                  | Orb.
     0 | D:1      | Reached XP level 1. HP: 13/13 MP: 3/3
   253 | D:1      | Reached XP level 2. HP: 20/20 MP: 5/5
   313 | D:1      | Learned a level 2 spell: Searing Ray
   532 | D:1      | Found a faded altar of an unknown god.
   555 | D:1      | Reached skill level 1 in Fighting
   555 | D:1      | Reached skill level 1 in Armour
   555 | D:1      | Reached XP level 3. HP: 19/26 MP: 1/6
  1320 | D:2      | Found Diyrr's Book Emporium.
  1334 | D:2      | Found a sparkling altar of Nemelex Xobeh.
  1796 | D:2      | Reached skill level 4 in Conjurations
  1796 | D:2      | Reached XP level 4. HP: 32/32 MP: 0/8
  1798 | D:2      | You fall into a shaft and drop 1 floor!
  1839 | D:3      | You fall into a shaft and drop 1 floor!
  1925 | D:4      | Slain by a goblin

Illustrated notes

Levels and vault maps discovered:
D:1:      psy_arrival_terrarium, layout_basic,
          hellmonk_ecumenical_altar_pennies_from_heaven, hangedman_decor_lopped
D:2:      layout_basic, serial_shops, nicolae_shop_advertising_works
          [nicolae_subvault_shop_adworks], basic_altar
D:3:      layout_rooms, minmay_quadrilaterals, uniq_ijyb
D:4:      layout_loops_ring, minmay_temple_entry_glassed_door

Skill      XL: |  1  2  3 |
---------------+----------+-----
Dodging        | 2 |  2.0
Fighting       | 1 |  1.6
Armour         | 1 |  1.7
Conjurations   | 4 |  4.0
Stealth        | |  2.4
Spellcasting   | |  2.8

Action                   |  1- 3 |  4- 6 || total
-------------------------+-------+-------++-------
 Fire: Sling             |    42 |       ||    42
 Cast: Magic Dart        |     9 |       ||     9
       Searing Ray       |     7 |       ||     7
 Abil: Shaft Self        |       |     2 ||     2
Armor: Robe              |     2 |    10 ||    12
Dodge: Dodged            |     8 |    42 ||    50
